 Dungeon Crawl Stone Soup version 0.26.0-18-gc5c842f807 (webtiles) character file.

Game seed: 3855868239523385555

324 Thargor the Skirmisher (level 6, -2/39 HPs)
             Began as a Gargoyle Fighter on Jan 23, 2021.
             Slain by an ogre
             ... wielding a +0 giant club
              (17 damage)
             ... on level 3 of the Dungeon.
             The game lasted 00:09:31 (3776 turns).

Thargor the Skirmisher (Gargoyle Fighter)           Turns: 3776, Time: 00:09:32

Health: -2/39      AC: 16    Str: 19    XL:     6   Next: 48%
Magic:  9/9        EV: 10    Int: 11    God:
Gold:   230        SH:  9    Dex:  9    Spells: 9/9 levels left

rFire    . . .     SeeInvis +   a - +0 flail
rCold    + . .     Faith    .   c - +0 kite shield
rNeg     + . .     Spirit   .   q - +0 chain mail {rC+}
rPois    ∞         Reflect  .   v - +0 helmet
rElec    +         Harm     .   i - +0 cloak (curse)
rCorr    .         Rampage  .   (no gloves)
Will     .....                  (no boots)
Stlth    ..........             (no amulet)
HPRegen  0.13/turn              r - +4 ring of evasion
MPRegen  0.11/turn              w - ring of see invisible

@: no status effects
A: negative energy resistance 1, electricity resistance, unbreathing,
petrification resistance, miasma immunity, AC +4
a: no special abilities


You were on level 3 of the Dungeon.
You visited 1 branch of the dungeon, and saw 4 of its levels.

You collected 230 gold pieces.

Inventory:

Hand Weapons
 a - a +0 flail (weapon)
Missiles
 e - 198 stones (quivered)
Armour
 b - a +0 scale mail
 c - a +0 kite shield (worn)
 i - a cursed +0 cloak (worn)
 q - a +0 chain mail of cold resistance (worn)
 v - a +0 helmet (worn)
Jewellery
 r - a +4 ring of evasion (left hand)
 u - an uncursed ring of flight
 w - a ring of see invisible (right hand)
Scrolls
 d - 2 scrolls of teleportation {unknown}
 h - 7 scrolls of remove curse
 j - 2 scrolls of identify
 k - a scroll of amnesia {unknown}
 l - 3 scrolls of magic mapping
 m - 2 scrolls of random uselessness {unknown}
 n - a scroll of fear {unknown}
 p - 3 scrolls of enchant armour {unknown}
 t - a scroll of fog {unknown}
Potions
 f - a potion of degeneration {unknown}
 g - a potion of curing {unknown}
 o - a potion of haste {unknown}
 s - 2 potions of magic {unknown}


   Skills:
 + Level 4.3 Fighting
 + Level 3.1 Maces & Flails
 + Level 4.3 Armour
 + Level 1.7 Dodging
 + Level 4.3 Shields
 + Level 2.1 Spellcasting


You had 9 spell levels left.
You didn't know any spells.
Your spell library was empty.

Dungeon Overview and Level Annotations

Branches:
Dungeon (4/15)
 Temple: D:4-7

Altars:
Gozag


Innate Abilities, Weirdness & Mutations

You are resistant to torment.
Your stone body is resilient. (AC +4)
You are immune to poison.
You resist negative energy. (rN+)
You are resistant to electric shocks. (rElec)
You can survive without breathing.
You are immune to petrification.
You are immune to miasma.


Message History

The ogre hits you but does no damage.
You hit the ogre but do no damage.
The ogre hits you with a +0 giant club!!
You sock the ogre!
The ogre is heavily wounded.
The ogre barely misses you.
You hit the ogre.
The ogre is heavily wounded.
The ogre closely misses you.
You hit the ogre.
The ogre is severely wounded.
The ogre hits you with a +0 giant club!
There is a stone staircase leading up here.
The ogre hits you but does no damage.
You climb upwards.
There is a stone staircase leading down here.
You closely miss the ogre.
The ogre is severely wounded.
The ogre hits you with a +0 giant club!
You die...

############# ##.....#.....##
##.............##
#########....<..........#
#.............>.........#
#........O@.............###
#..........................
#..........................
#.......................... #
#.........#................
########....#######..#.....#.<...
............## #..######.......
######.......# #.## ##.##.## ####
#.......#####.# #....#


You could see an ogre.

Vanquished Creatures
  An ogre (D:4)
  An orc priest (D:3)
  2 worker ants (D:3)
  4 adders
  A shadow imp (D:3)
  3 oozes
  3 worms
  A dart slug (D:1)
  2 leopard geckos
  8 orcs
  5 ball pythons
  3 giant cockroaches
  10 goblins
  11 hobgoblins
  2 quokkas
  7 bats
  2 frilled lizards (D:1)
  14 kobolds
  13 rats
93 creatures vanquished.

Vanquished Creatures (others)
  An orc (D:3)
1 creature vanquished.

Grand Total: 94 creatures vanquished

Notes
Turn   | Place    | Note
-------+----------+-------------------------------------------
     0 | D:1      | Thargor the Gargoyle Fighter began the quest for the Orb.
     0 | D:1      | Reached XP level 1. HP: 14/14 MP: 1/1
   207 | D:1      | Reached XP level 2. HP: 17/19 MP: 2/2
   850 | D:1      | Reached XP level 3. HP: 23/23 MP: 3/3
  1781 | D:2      | Reached skill level 1 in Dodging
  1792 | D:2      | Reached XP level 4. HP: 29/29 MP: 5/5
  1842 | D:2      | Reached skill level 1 in Spellcasting
  2777 | D:3      | Found a glowing drain.
  2935 | D:3      | Reached XP level 5. HP: 33/33 MP: 5/7
  2969 | D:3      | Found an opulent altar of Gozag.
  3417 | D:3      | Reached XP level 6. HP: 30/38 MP: 8/8
  3512 | D:4      | Noticed an orc warrior
  3776 | D:3      | Slain by an ogre

Illustrated notes

Levels and vault maps discovered:
D:1:      dpeg_arrival_morbid_curiosity, layout_basic, st_stairs_5
D:2:      layout_basic
D:3:      layout_rooms, grunt_gozag_statues, portal_sewer_entry_b,
          dk_noncrumbling_4, minmay_increasing_density
D:4:      minmay_spotlight, layout_basic, uniq_pikel

Skill      XL: |  1  2  3  4  5  6 |
---------------+-------------------+-----
Dodging        | 1 |  1.7
Spellcasting   | 1 2 |  2.1
Armour         | 4 |  4.3
Fighting       | 4 |  4.3
Shields        | 4 |  4.3
Maces & Flails | 3 |  3.1

Action                   |  1- 3 |  4- 6 || total
-------------------------+-------+-------++-------
Melee: Flail             |   159 |   241 ||   400
Throw: Stone             |    13 |       ||    13
  Use: Potion            |     1 |     2 ||     3
       Scroll            |     1 |     5 ||     6
 Stab: Invisible         |       |     2 ||     2
Armor: Scale mail        |    92 |    24 ||   116
       Chain mail        |       |   138 ||   138
Dodge: Dodged            |    69 |    88 ||   157
Block: Kite shield       |    96 |   150 ||   246
